 Dungeon Crawl Stone Soup version 0.23.2 (webtiles) character file.

Game seed: 1329028950511817601

10066 Illumine the Basher (level 11, -3/141 HPs)
             Began as a Hill Orc Berserker on Oct 16, 2019.
             Was a High Priest of Trog.
             Slain by a vampire
             ... wielding an uncursed staff of air
              (9 damage)
             ... on level 10 of the Dungeon.
             The game lasted 00:20:11 (8761 turns).

Illumine the Basher (Hill Orc Berserker)            Turns: 8761, Time: 00:20:12

Health: -3/141     AC: 10    Str: 29    XL:     11   Next: 56%
Magic:  13/13      EV:  8    Int:  7    God:    Trog [*****.]
Gold:   516        SH: 11    Dex: 10    Spells: 10/10 levels left

rFire    + . .     SeeInvis .   a - +5 flail of a Thousand Stories {elec, *Corrode rF+ MR+}
rCold    + . .     Gourm    .   B - +0 shield
rNeg     . . .     Faith    .   G - +0 plate armour
rPois    .         Spirit   .   (no helmet)
rElec    .         Reflect  .   (no cloak)
rCorr    .         Harm     .   E - +0 pair of gloves
MR       +....                  (no boots)
Stlth    ..........             J - amulet of regeneration
HPRegen  0.73/turn              A - ring of protection from cold
MPRegen  0.13/turn              (no ring)

@: berserking (expiring), corroded, very quick
A: no striking features
a: Berserk, Trog's Hand, Brothers in Arms, Renounce Religion


You were on level 10 of the Dungeon.
You worshipped Trog.
Trog was extremely pleased with you.
You were very hungry.

You visited 1 branch of the dungeon, and saw 10 of its levels.
You also visited: Ossuary.

You collected 516 gold pieces.

Inventory:

Hand Weapons
 a - the +5 flail of a Thousand Stories (weapon) {elec, *Corrode rF+ MR+}
   (You found it on level 5 of the Dungeon)

   Occasionally, upon striking a foe, it will discharge some electrical energy
   and cause terrible harm.
   It protects you from fire.
   It affects your resistance to hostile enchantments.
   It may corrode you when you take damage.
 b - the +3 hunting sling of Checks and Balances {speed, Str+4}
   (You found it on level 6 of the Dungeon)

   Attacks with this weapon are significantly faster.
   It affects your strength (+4).
 r - a +0 falchion
 H - a +1 long sword of electrocution
Missiles
 C - 30 stones (quivered)
 I - 49 sling bullets
Armour
 B - a +0 shield (worn)
 E - a +0 pair of gloves (worn)
 G - a +0 plate armour (worn)
Jewellery
 l - an uncursed amulet of rage
 p - an uncursed amulet of the acrobat
 v - an uncursed ring of fire
 A - a ring of protection from cold (left hand)
 J - an amulet of regeneration (around neck)
Wands
 s - a wand of digging (9)
 D - a wand of paralysis (9)
Scrolls
 e - 5 scrolls of remove curse
 g - a scroll of amnesia {unknown}
 j - 3 scrolls of blinking
 n - 2 scrolls of teleportation
 t - a scroll of immolation
 y - 2 scrolls of fear {unknown}
 F - a scroll of fog {unknown}
Potions
 d - a potion of resistance {unknown}
 f - 3 potions of haste
 h - 2 potions of heal wounds {unknown}
 i - a potion of magic {unknown}
 k - 2 potions of agility {unknown}
 m - a potion of lignification {unknown}
 q - 4 potions of flight {unknown}
 u - 5 potions of curing
 w - 4 potions of mutation {unknown}
 x - 8 potions of degeneration {unknown}
 z - 2 potions of might {unknown}
Comestibles
 c - 18 rations
 o - 3 chunks of flesh


   Skills:
 + Level 8.2 Fighting
 - Level 6.6 Long Blades
 + Level 10.3 Maces & Flails
 + Level 5.4 Slings
 + Level 7.9 Armour
 + Level 5.1 Dodging
 * Level 5.9 Shields
 - Level 3.6 Evocations


You had 10 spell levels left.
You didn't know any spells.
Your spell library was empty.

Dungeon Overview and Level Annotations

Branches:
Dungeon (10/15)            Temple (0/1) D:7            Lair (0/6) D:10
    Orc (0/2) D:10

Altars:
Ashenzari
Elyvilon
Fedhas
Hepliaklqana
Okawaru
Ru
Sif Muna
Trog
Vehumet
Wu Jian
Xom

Shops:
D:5 *   D:6 %   D:7 %   D:8 :

Annotations:
D:4 1 runed translucent door, Crazy Yiuf


Message History

You feel yourself moving faster!
You feel mighty!
You are feeling very hungry.
You block something's attack. Something bites you but does no damage.
You barely miss something. You completely miss something. Something hits you.
* * * LOW HITPOINT WARNING * * *
You are electrocuted!
* * * LOW HITPOINT WARNING * * *
Something bites you.
* * * LOW HITPOINT WARNING * * *
Something draws strength from your injuries!
You sock something!
Unholy energy fills the air.
* * * LOW HITPOINT WARNING * * *
Your shield prevents you from hitting something.
You closely miss something. You block something's attack. Something bites you.
* * * LOW HITPOINT WARNING * * *
Something draws strength from your injuries!
You miss something. You hit something but do no damage. Something hits you!
You die...

..# #._..._8#
#.######.......#
#.##8.........8#########
#..'........._.#........
#..#8.........8#........
#..#####.......#........
#......#._..._8#........
#......#8.8..8.#{.......
#......#########@.......
#.............).........
#...####################
#...# #...# ....# ....#
....# ....#


There were no monsters in sight!

Vanquished Creatures
  3 two-headed ogres
  A death yak (D:9)
  An unseen horror (D:10)
  Maurice (D:9)
  A troll (D:9)
  3 hogs (D:7)
  5 yaks (D:7)
  A human (D:7)
  A hungry ghost (D:7)
  A porcupine (D:10)
  4 orc warriors (D:9)
  5 ice beasts
  3 ogres
  6 centaurs
  8 bullfrogs
  2 scorpions (D:7)
  10 killer bees
  13 wights
  A howler monkey (D:8)
  4 crimson imps
  A bullfrog zombie (D:6)
  A human zombie (Ossuary)
  3 quasits
  2 jellies (D:7)
  A centaur zombie (D:9)
  5 hounds
  7 orc priests
  A bullfrog skeleton (D:10)
  Jessica (D:3)
  4 iguanas
  11 orc wizards
  7 worker ants
  A hell rat (D:10)
  A big kobold zombie (Ossuary)
  2 hound zombies
  A hound skeleton (D:7)
  5 mummies
  A worker ant zombie (D:6)
  3 gnolls (D:3)
  9 adders
  2 shadow imps
  3 oozes
  4 adder zombies
  2 adder skeletons
  4 worms
  4 dart slugs
  3 leopard geckos
  29 orcs
  6 giant cockroaches
  7 goblins
  9 hobgoblins
  2 jackals (D:7)
  8 quokkas
  3 ball pythons
  9 bats
  3 frilled lizards
  2 gnoll zombies (Ossuary)
  2 goblin zombies
  2 hobgoblin zombies (Ossuary)
  6 kobolds
  A kobold zombie (Ossuary)
  A leopard gecko zombie (D:5)
  An orc zombie (D:6)
  9 rats
263 creatures vanquished.

Notes
Turn   | Place    | Note
-------+----------+-------------------------------------------
     0 | D:1      | Illumine the Hill Orc Berserker began the quest for the
                  | Orb.
     0 | D:1      | Reached XP level 1. HP: 19/19 MP: 1/1
   150 | D:1      | Reached XP level 2. HP: 23/26 MP: 2/2
   508 | D:1      | Reached XP level 3. HP: 25/31 MP: 3/3
  1006 | D:2      | Reached ** piety under Trog
  1213 | D:2      | Reached XP level 4. HP: 26/39 MP: 4/4
  1450 | D:2      | Reached skill level 5 in Long Blades
  1463 | D:2      | Found an ornate altar of the Wu Jian Council.
  1811 | D:3      | Found a blossoming altar of Fedhas.
  1859 | D:3      | Reached XP level 5. HP: 38/45 MP: 5/5
  2109 | D:3      | Reached *** piety under Trog
  2114 | D:3      | Noticed Jessica
  2120 | D:3      | Killed Jessica
  2250 | D:4      | Reached XP level 6. HP: 41/51 MP: 6/6
  2667 | D:4      | Found a runed translucent door.
  2668 | D:4      | Noticed Crazy Yiuf
  2702 | D:5      | Entered Level 5 of the Dungeon
  2717 | D:5      | Got a slimy flail
  2718 | D:5      | Identified the +5 flail of a Thousand Stories {elec,
                  | *Corrode rF+ MR+} (You found it on level 5 of the Dungeon)
  2737 | D:5      | Reached skill level 1 in Maces & Flails
  2762 | D:5      | Reached skill level 2 in Maces & Flails
  2776 | D:5      | Reached skill level 3 in Maces & Flails
  2776 | D:5      | Reached XP level 7. HP: 49/57 MP: 7/7
  2970 | D:5      | Reached skill level 4 in Maces & Flails
  3141 | D:5      | Found Dyczomp's Assorted Antiques.
  3200 | D:5      | Found a deep blue altar of Sif Muna.
  3241 | D:6      | Found Lojemoant's Food Shop.
  3266 | D:6      | Found a sand-covered staircase.
  3270 | D:6      | Reached skill level 5 in Maces & Flails
  3491 | Ossuary  | Entered an ossuary
  3535 | Ossuary  | Reached **** piety under Trog
  3546 | Ossuary  | Reached XP level 8. HP: 52/64 MP: 8/8
  3837 | D:6      | Reached skill level 6 in Maces & Flails
  4036 | D:6      | Got a twisted hunting sling
  4037 | D:6      | Identified the cursed +3 hunting sling of Checks and
                  | Balances {speed, Str+4} (You found it on level 6 of the
                  | Dungeon)
  4051 | D:6      | Found a hazy altar of Hepliaklqana.
  4051 | D:6      | Found a shattered altar of Ashenzari.
  4051 | D:6      | Found a sacrificial altar of Ru.
  4051 | D:6      | Found an iron altar of Okawaru.
  4344 | D:7      | Found Nublim's Food Shop.
  4351 | D:7      | Reached skill level 7 in Maces & Flails
  4351 | D:7      | Reached skill level 1 in Slings
  4407 | D:7      | Reached skill level 5 in Armour
  4407 | D:7      | Reached XP level 9. HP: 33/72 MP: 9/9
  4773 | D:7      | Reached skill level 8 in Maces & Flails
  4859 | D:7      | Reached skill level 5 in Fighting
  4890 | D:7      | Found a white marble altar of Elyvilon.
  4978 | D:7      | Found a staircase to the Ecumenical Temple.
  5068 | D:7      | Reached skill level 9 in Maces & Flails
  5141 | D:7      | Reached skill level 1 in Evocations
  5141 | D:7      | Reached XP level 10. HP: 22/83 MP: 10/10
  5896 | D:8      | Reached ***** piety under Trog
  5960 | D:8      | Found Toadeel's Book Shop.
  6226 | D:8      | Noticed a two-headed ogre
  6238 | D:8      | Killed a two-headed ogre
  6578 | D:9      | Noticed Maurice
  6590 | D:9      | Killed Maurice
  7096 | D:9      | Received a gift from Trog
  7336 | D:9      | Noticed a two-headed ogre
  7346 | D:9      | Killed a two-headed ogre
  7346 | D:9      | Reached skill level 10 in Maces & Flails
  7346 | D:9      | Reached skill level 5 in Slings
  7346 | D:9      | Reached XP level 11. HP: 39/93 MP: 13/13
  7677 | D:9      | Noticed a two-headed ogre
  7688 | D:8      | Killed a two-headed ogre
  7883 | D:9      | Reached skill level 5 in Shields
  8032 | D:9      | Received a gift from Trog
  8114 | D:10     | Entered Level 10 of the Dungeon
  8114 | D:10     | Found a staircase to the Lair.
  8114 | D:10     | Noticed a death yak
  8114 | D:10     | Noticed a death yak
  8115 | D:10     | Noticed a death yak
  8164 | D:10     | Found a staircase to the Orcish Mines.
  8496 | D:9      | Killed a death yak
  8496 | D:9      | Reached skill level 5 in Dodging
  8665 | D:10     | Found an iron altar of Okawaru.
  8667 | D:10     | Found a shimmering altar of Xom.
  8667 | D:10     | Found a deep blue altar of Sif Muna.
  8685 | D:10     | Killed an unseen horror
  8699 | D:10     | Found a hazy altar of Hepliaklqana.
  8699 | D:10     | Found a bloodstained altar of Trog.
  8699 | D:10     | Found a radiant altar of Vehumet.
  8757 | D:10     | HP: 7/141 [something/vampiric draining (14)]
  8761 | D:10     | Slain by a vampire

Skill      XL: |  1  2  3  4  5  6  7  8  9 10 11 |
---------------+----------------------------------+-----
Long Blades    | 4 5 6 |  6.6
Dodging        | 2 3 4 5 |  5.1
Maces & Flails | 3 5 7 9 10 | 10.3
Armour         | 3 5 6 7 |  7.9
Fighting       | 4 6 7 8 |  8.2
Slings         | 1 3 5 |  5.4
Evocations     | 1 3 |  3.6
Shields        | 4 5 |  5.9

Action                   |  1- 3 |  4- 6 |  7- 9 | 10-12 || total
-------------------------+-------+-------+-------+-------++-------
Melee: Falchion          |    90 |   172 |       |       ||   262
       Flail             |       |    18 |   188 |   301 ||   507
 Fire: Hunting sling     |       |       |    64 |    53 ||   117
Throw: Throwing net      |       |     1 |     1 |       ||     2
Invok: Trog's Hand       |       |     1 |       |       ||     1
       Berserk           |       |       |     1 |     4 ||     5
Evoke: Wand              |       |       |       |     3 ||     3
  Use: Scroll            |       |       |     4 |     7 ||    11
  Eat: Chunk             |     1 |     6 |     2 |    13 ||    22
       Ration            |       |       |     2 |     1 ||     3
Armor: Ring mail         |    40 |    68 |    13 |       ||   121
       Animal skin       |     1 |       |       |       ||     1
       Chain mail        |       |       |    24 |       ||    24
       Plate armour      |       |       |    30 |   128 ||   158
Dodge: Dodged            |    68 |   138 |    80 |    62 ||   348
Block: Shield            |       |       |       |   112 ||   112
       Rpst.: Falchion   |    18 |    37 |       |       ||    55
